 Dungeon Crawl Stone Soup version 0.17-a0-1464-g59a308b (webtiles) character file.

1333 Lick the Grappler (level 8, 0/74 HPs)
             Began as a Troll Monk on July 1, 2015.
             Slain by an adder (5 damage)
             ... on level 4 of the Dungeon.
             The game lasted 00:05:34 (3551 turns).

Lick the Grappler (Troll Monk)                      Turns: 3551, Time: 00:05:35

Health: 0/74       AC:  6    Str: 22    XL:     8   Next: 34%
Magic:  7/7        EV:  9    Int:  6    God:
Gold:   184        SH: 10    Dex: 12    Spells: 0 memorised, 7 levels left

rFire  . . .     SeeInvis .       - Unarmed
rCold  . . .     Clarity  .     j - +1 robe {rN+}
rNeg   + . .     SustAt   .     c - +0 shield
rPois  .         Gourm    +     (helmet restricted)
rElec  .         Spirit   .     (no cloak)
rCorr  .         Warding  .     (gloves unavailable)
rMut   .         Stasis   .     (boots unavailable)
MR     .....                    g - amulet of inaccuracy (curse)
Stlth  +.........               (no ring)
                                (no ring)

@: lethally poisoned (0 -> 0), starving, not resistant to hostile enchantments,
very unstealthy
A: unfitting armour, claws 3, horns 1, fast metabolism 3, gourmand, regeneration
2, shaggy fur 1, tough skin 2
a: no special abilities


You were on level 4 of the Dungeon.
You were starving.

You visited 1 branch of the dungeon, and saw 4 of its levels.
You also visited: Ossuary.

You collected 184 gold pieces.

Inventory:

Armour
 a - a +0 robe
 c - a +0 shield (worn)
 j - a +1 robe of positive energy (worn)
Jewellery
 g - a cursed amulet of inaccuracy (around neck)
Magical devices
 r - a wand of frost (25)
Scrolls
 f - a scroll of fog {unknown}
 h - a scroll of enchant weapon {unknown}
 k - 2 scrolls of remove curse {unknown}
 m - a scroll of fear {unknown}
 n - a scroll of recharging {unknown}
 o - 2 scrolls of identify {unknown}
 p - 2 scrolls of enchant armour {unknown}
 s - a scroll of random uselessness {unknown}
Potions
 e - a potion of degeneration
 i - a potion of brilliance
 q - a potion of cancellation
Comestibles
 b - 3 bread rations
 d - a slice of pizza


   Skills:
 - Level 2.4 Fighting
 - Level 2.4 Dodging
 - Level 1.1 Stealth
 * Level 6.2 Shields
 - Level 8.0 Unarmed Combat


You had 7 spell levels left.
You didn't know any spells.

Dungeon Overview and Level Annotations

Branches:
Dungeon (4/15)
 Temple: D:4-7

Altars:
The Shining One

Annotations:
D:4 Dowan


Innate Abilities, Weirdness & Mutations

You are too large for most types of armour.
You have claws for hands.
Your metabolism is lightning-fast.
You like to eat raw meat.
You heal very quickly.
You are covered in fur (AC +1).
You have very tough skin (AC +2).
You have a pair of small horns on your head.


Message History

You feel sick.
Dowan mumbles some strange words.
Dowan blinks!
The kobold hits you but does no damage. The adder barely misses you.
The goblin hits you but does no damage.
You miss the adder. Your headbutt misses the adder.
The adder is almost dead.
You block the adder's attack. The kobold hits you but does no damage.
You block the ogre's attack. The goblin hits you.
* * * LOW HITPOINT WARNING * * *
Unknown command.
You scratch the adder but do no damage.
The adder is almost dead.
You feel sick. You block the adder's attack. The kobold barely misses you.
You miss the adder.
The adder is almost dead.
You block the adder's attack. The goblin barely misses you.
The ogre hits you with a giant club.
* * * LOW HITPOINT WARNING * * *
The kobold hits you but does no damage. The adder bites you.
You die...

.## ##..# #...............
..######g.## #................
.......g.## #................
.........# ##...............
.......g.## #...............
........[.## #g..............
...........## ##W§.............
...........g## #gK..$...........
...........g.###@O..............
............OK.#S....((.........
..............W.e.........§.....
#...............................
.......................###.....#
.......#.............### ###...
......####...........# ...
......# ##...........# .. .
#........#....#


You could see a phantom, an ogre, Dowan, an adder, a hobgoblin, a goblin and a
kobold.

Vanquished Creatures
  The ghost of Lick the Ruffian, an average TrMo (D:4)
  Menkaure (D:4)
  Duvessa (D:4)
  8 scorpions (Ossuary)
  3 centaur zombies (Ossuary)
  A human zombie (Ossuary)
  An orc priest (D:3)
  Terence (D:2)
  2 worker ants (D:4)
  5 big kobold zombies (Ossuary)
  3 mummies (Ossuary)
  An adder (D:2)
  5 scorpion zombies (Ossuary)
  A worm (D:3)
  2 giant geckos (D:3)
  4 orcs (D:3)
  5 bats (D:2)
  3 giant cockroaches
  12 goblins
  10 hobgoblins
  6 jackals
  14 kobolds
  A ball python (D:3)
  3 giant newts
  5 goblin zombies
  A quokka zombie (D:4)
  10 rats
110 creatures vanquished.

Vanquished Creatures (others)
  A scorpion (Ossuary)
1 creature vanquished.

Grand Total: 111 creatures vanquished

Notes
Turn   | Place    | Note
--------------------------------------------------------------
     0 | D:1      | Lick the Troll Monk began the quest for the Orb.
     0 | D:1      | Reached XP level 1. HP: 22/22 MP: 0/0
   226 | D:1      | Reached XP level 2. HP: 29/29 MP: 1/1
   787 | D:2      | Reached skill level 5 in Unarmed Combat
   798 | D:2      | Reached XP level 3. HP: 34/36 MP: 2/2
   847 | D:2      | Gained mutation: You can spit weak poison. [potion of mutation]
   847 | D:2      | Gained mutation: You are partially covered in slimy green scales (AC +2). [potion of mutation]
   847 | D:2      | Gained mutation: You evolve. [potion of mutation]
   922 | D:2      | Found a glowing golden altar of the Shining One.
   922 | D:2      | Noticed Terence
   938 | D:2      | Killed Terence
  1045 | D:2      | Reached XP level 4. HP: 44/44 MP: 3/3
  1794 | D:3      | Reached skill level 6 in Unarmed Combat
  2117 | D:3      | Reached XP level 5. HP: 34/50 MP: 4/4
  2488 | D:4      | Noticed Menkaure
  2495 | D:4      | Killed Menkaure
  2495 | D:4      | Reached skill level 7 in Unarmed Combat
  2495 | D:4      | Reached XP level 6. HP: 49/59 MP: 5/5
  2513 | D:4      | Found a sand-covered staircase.
  2521 | Ossuary  | Entered an ossuary
  2575 | Ossuary  | Reached skill level 8 in Unarmed Combat
  2667 | Ossuary  | Reached skill level 1 in Shields
  2719 | Ossuary  | Reached XP level 7. HP: 39/66 MP: 6/6
  3254 | Ossuary  | Lost mutation: You evolve. [potion of cure mutation]
  3254 | Ossuary  | Lost mutation: You can spit weak poison. [potion of cure mutation]
  3254 | Ossuary  | Lost mutation: You are partially covered in slimy green scales (AC +2). [potion of cure mutation]
  3255 | Ossuary  | Gained mutation: You have a pair of small horns on your head. [potion of beneficial mutation]
  3429 | D:4      | Noticed a phantom
  3442 | D:4      | Reached skill level 5 in Shields
  3442 | D:4      | Reached XP level 8. HP: 74/74 MP: 7/7
  3454 | D:4      | Noticed Duvessa
  3454 | D:4      | Noticed Dowan
  3456 | D:4      | Noticed Lick's ghost (average TrMo)
  3459 | D:4      | Noticed an ogre
  3490 | D:4      | Killed Duvessa
  3499 | D:4      | Killed Lick's ghost
  3551 | D:4      | Slain by an adder

Vault maps used:
D:1:      tarquinn_simple_flora_water_e
D:2:      tso_metal_star, uniq_terence
D:3:      first_bread
D:4:      lemuel_temple_firewalk, enter_ossuary_4, uniq_duvessa, uniq_menkaure,
          uniq_grinder
Ossuary:  ossuary_minmay_scorpions

Action                   |  1- 3 |  4- 6 |  7- 9 || total
-------------------------+-------+-------+-------++-------
Melee: Unarmed           |    97 |   179 |   146 ||   422
  Use: Potion            |     2 |     1 |    11 ||    14
       Scroll            |     2 |       |       ||     2
 Stab: Sleeping          |     3 |     1 |       ||     4
  Eat: Chunk             |    15 |    13 |       ||    28
